 Dungeon Crawl Stone Soup version 0.28-a0-172-g787e458d71 (webtiles) character file.

Game seed: 18342084503264608435

58 Anon1729 the Slasher (level 3, -3/33 HPs)
             Began as a Minotaur Monk on Aug 16, 2021.
             Slain by an orc priest (5 damage)
             ... on level 6 of the Dungeon.
             The game lasted 00:01:15 (492 turns).

Anon1729 the Slasher (Minotaur Monk)                 Turns: 492, Time: 00:01:16

Health: -3/33      AC:  2    Str: 16    XL:     3   Next: 75%
Magic:  2/2        EV: 13    Int:  7    God:
Gold:   0          SH:  0    Dex: 12    Spells: 2/2 levels left

rFire   . . .      SeeInvis .   a - +0 falchion
rCold   . . .      Faith    .   (no shield)
rNeg    . . .      Spirit   .   b - +0 robe
rPois   .          Reflect  .   (helmet restricted)
rElec   .          Harm     .   (no cloak)
rCorr   .          Rampage  .   (no gloves)
Will    .....                   (no boots)
Stlth   ++........              (no amulet)
HPRegen 0.11/turn               (no ring)
MPRegen 0.08/turn               (no ring)

@: no status effects
A: horns 2, retaliatory headbutt
a: no special abilities


You were on level 6 of the Dungeon.
You visited 1 branch of the dungeon, and saw 6 of its levels.

Inventory:

Hand Weapons
 a - a +0 falchion (weapon)
Missiles
 f - 2 throwing nets (quivered)
Armour
 b - a +0 robe (worn)
Jewellery
 e - an amulet of faith
Scrolls
 c - a scroll of torment {unknown}
 d - a scroll of silence {unknown}


   Skills:
 + Level 4.2 Fighting
 + Level 4.2 Long Blades
 + Level 3.8 Dodging
 + Level 2.2 Stealth


You had 2 spell levels left.
You didn't know any spells.
Your spell library contained the following spells:

 Spells                   Type           Power      Damage    Failure   Level
 Pain                     Necr           0%         1d4       43%         1
 Corpse Rot               Necr/Air       N/A        N/A       56%         2
 Sublimation of Blood     Necr           0%         N/A       56%         2
 Vampiric Draining        Necr           0%         2d6       80%         3


Dungeon Overview and Level Annotations

Branches:
Dungeon (6/15)
 Temple: D:4-7

Altars:
Kikubaaqudgha

Shops:
D:5 !


Innate Abilities, Weirdness & Mutations

You have a pair of horns on your head.
You reflexively headbutt those who attack you in melee.


Message History

An orc, an orc warrior, an orc priest and an orc wizard come into view.
The orc warrior shouts!
Found Juvoera's Distillery.
There is a stone staircase leading up here.
The orc priest looks satisfied for a moment.
The orc wizard shouts!
A phantom comes into view.
Found a stone staircase leading down.
The phantom hits you!
* * * LOW HITPOINT WARNING * * *
The phantom blinks!
You blink.
A sky beast comes into view.
A scorpion comes into view.
The orc wizard gestures at you while chanting.
You resist with significant effort.
The sky beast flickers out of sight!
Deactivating autopickup; reactivate with Ctrl-A.
Found 6 gold pieces.
There is a stone staircase leading down here.
The orc priest hits you but does no damage.
You climb downwards.
Reactivating autopickup.
There is a stone staircase leading up here.
You completely miss the orc priest. The orc priest hits you with a +0 club.
* * * LOW HITPOINT WARNING * * *
You hit the orc priest.
The orc priest is lightly wounded.
The orc priest hits you with a +0 club.
* * * LOW HITPOINT WARNING * * *
You hit the orc priest but do no damage.
The orc priest is lightly wounded.
The orc priest barely misses you. You furiously retaliate!
You headbutt the orc priest, but do no damage.
You hit the orc priest. Your headbutt misses the orc priest.
The orc priest is moderately wounded.
The orc priest hits you with a +0 club.
* * * LOW HITPOINT WARNING * * *
You barely miss the orc priest.
The orc priest is moderately wounded.
The orc priest hits you with a +0 club.
You die...

####
#..
#..
#..
#.#
#.#
#.#
#@#
#o#
#..
####
...
.#.#
.#.#
.# .


You could see an orc priest.

Vanquished Creatures
  3 gnolls (D:3)
  2 worms
  2 endoplasms
  2 giant cockroaches (D:1)
  A goblin (D:1)
  5 jackals
  A kobold (D:1)
  A quokka (D:1)
  3 ball pythons
  2 frilled lizards
22 creatures vanquished.

Notes
Turn   | Place    | Note
-------+----------+-------------------------------------------
     0 | D:1      | Anon1729 the Minotaur Monk began the quest for the Orb.
     0 | D:1      | Reached XP level 1. HP: 19/19 MP: 0/0
   133 | D:1      | Found a faded altar of an unknown god.
   145 | D:1      | Became a worshipper of Kikubaaqudgha
   145 | D:1      | Reached * piety under Kikubaaqudgha
   145 | D:1      | Received a gift from Kikubaaqudgha
   145 | D:1      | Reached ** piety under Kikubaaqudgha
   146 | D:1      | Fell from the grace of Kikubaaqudgha
   157 | D:1      | Reached XP level 2. HP: 27/27 MP: 1/1
   405 | D:3      | Reached XP level 3. HP: 25/33 MP: 2/2
   460 | D:5      | Entered Level 5 of the Dungeon
   460 | D:5      | Found Juvoera's Distillery.
   460 | D:5      | Noticed an orc warrior
   464 | D:5      | Noticed a phantom
   471 | D:5      | Noticed a sky beast
   480 | D:5      | Noticed a scorpion
   492 | D:6      | Slain by an orc priest

Illustrated notes

Levels and vault maps discovered:
D:1:      lemuel_arrival_hallway, layout_basic, ebering_ecumenical_altar_mist
D:2:      layout_basic
D:3:      kennysheep_slugbush, layout_basic
D:4:      layout_gridville, lemuel_crystal_altar, minivault_26,
          minmay_manual_moon
D:5:      layout_loops_ring, gammafunk_ghost_stat_death, serial_shops,
          nicolae_diamond_shop
D:6:      layout_loops_ring, serial_co_window_serial, co_window_paths_a,
          co_window_corner_a, co_window_corner_a, co_window_cross_1,
          co_window_of_opportunity_a, co_window_paths_a, co_window_paths_b,
          co_window_unsneaky_path_b, co_window_broadway_b,
          co_window_unsneaky_path_c, co_window_paths_c, glass_columns_a,
          glass_columns_a, glass_columns_b

Skill      XL: |  1  2 |
---------------+-------+-----
Fighting       | 4 |  4.2
Long Blades    | 4 |  4.2
Stealth        | 2 |  2.2
Dodging        | |  3.8

Action                   || total
-------------------------++-------
Melee: Falchion          ||    47
       Headbutt          ||    16
Invok: Renounce Religion ||     1
Armor: Robe              ||     5
Dodge: Dodged            ||    40
       Rpst.: Falchion   ||    11

Table legend: (Time is in decaauts)
 A = Elapsed time spent in this place.
 B = Non-inter-level travel time spent in this place.
 C = Inter-level travel time spent in this place.
 D = Time resting spent in this place.
 E = Time spent auto-exploring this place.
 F = Levels seen in this place.
 G = Mean time per level.
                   A        B        C        D        E       F      G
               +--------+--------+--------+--------+--------+-----+--------+
         Total |    495 |    478 |     17 |      0 |    247 |   6 |   82.5 |
       Dungeon |    495 |    478 |     17 |      0 |    247 |   6 |   82.5 |
               +--------+--------+--------+--------+--------+-----+--------+

Top non-repeatable levels by time:
     D:1: 228 daAuts
     D:3: 122 daAuts
     D:2: 92 daAuts
     D:5: 26 daAuts
     D:4: 20 daAuts
     D:6: 5 daAuts
